Cogmind - Beta 14 @@@ ROGUE MODE // 2024.11.19 @ 12:13:41 Player: Fangrelle Result: Destroyed by M6-2TE(R) with Subdweller Laser Performance ------------- Evolutions (0) 0 Regions Visited (3) 600 Robots Destroyed (31) 155 Value Destroyed (655) 655 Prototype IDs (0) 0 Alien Tech Used (0) 0 Bonus (0) 0 TOTAL SCORE: 1410 Bonus ------- None Cogmind --------- Core Integrity 0/250 Matter 295/300 Energy 55/100 System Corruption 0% Temperature Cool (53) Movement Core (400) Ox7 Location -10/Subcaves Parts ------- > --- POWER (1) -------- (None) > --- PROPULSION (2) --- (None) > --- UTILITY (2) ------ Large Storage Unit > --- WEAPON (2) ------- EM Shotgun > --- INVENTORY (15) --- Small Storage Unit Utility Shielding Light Armor Plating Hardened Light Armor Plating Hardened Light Armor Plating Hacking Suite Tractor Beam Grenade Launcher Grenade Launcher Rocket Launcher Datajack Multitool Multitool Peak State ------------ > --- POWER ------------ Ion Engine > --- PROPULSION ------- Aluminum Leg Compact Wheel > --- UTILITY ---------- Large Storage Unit Hardened Light Armor Plating > --- WEAPON ----------- EM Shotgun EM Shotgun > --- INVENTORY -------- Small Storage Unit Utility Shielding Light Armor Plating Hardened Light Armor Plating Hardened Light Armor Plating Hacking Suite Tractor Beam EM Shotgun EM Shotgun Grenade Launcher Grenade Launcher Rocket Launcher Datajack [Rating: 12] Favorites ----------- Power Ion Engine Engine Ion Engine Propulsion Light Treads Treads Light Treads Leg Aluminum Leg Wheel Compact Wheel Utility Large Storage Unit Device Tractor Beam Storage Large Storage Unit Processor Visual Processing Unit Protection Hardened Light Armor Plating Weapon EM Shotgun Energy Gun EM Shotgun Energy Cannon Beam Cannon Launcher Grenade Launcher Build | -11 -10 -10 -10 ------- Run | Yrd Mat Min Sub Slots Evolved . | . . . . Power . | . . . . Propulsion . | . . . . Utility . | . . . . Weapon . | . . . . Parts Attached 18 | 2 11 2 3 Power 1 | . 1 . . Engine 1 | . 1 . . Core . | . . . . Reactor . | . . . . Propulsion 4 | 2 . 2 . Treads 2 | 2 . . . Leg 1 | . . 1 . Wheel 1 | . . 1 . Hover . | . . . . Flight . | . . . . Utility 4 | . 4 . . Device 1 | . 1 . . Storage 1 | . 1 . . Processor 1 | . 1 . . Hackware . | . . . . Protection 1 | . 1 . . Artifact . | . . . . Weapon 9 | . 6 . 3 Energy Gun 6 | . 4 . 2 Energy Cannon 1 | . 1 . . Ballistic Gun . | . . . . Ballistic Cannon . | . . . . Launcher 2 | . 1 . 1 Special Weapon . | . . . . Impact Weapon . | . . . . Slashing Weapon . | . . . . Piercing Weapon . | . . . . Special Melee Weapon . | . . . . Unidentified Prototypes . | . . . . Parts Lost 12 | . 4 1 7 Power 2 | . 1 . 1 Propulsion 4 | . 1 1 2 Utility 1 | . . . 1 Weapon 5 | . 2 . 3 Highest Loss Streak 7 | . 2 1 7 To Critical Strikes . | . . . . Average Slot Usage (%) 94 | . 90 99 94 Engine 13 | . 14 14 13 Treads 12 | . 21 1 . Leg 5 | . . 12 14 Wheel 6 | . . 14 12 Storage 14 | . 14 14 14 Processor 6 | . 10 . . Protection 7 | . 1 14 14 Energy Gun 23 | . 20 28 24 Energy Cannon 3 | . 6 . . Peak Build Rating 12 | 6 10 12 12 Average Rating 9 | 5 7 11 11 On Entrance 8 | 6 6 10 12 Naked Turns . | . . . . Heaviest Build 36 | 12 36 36 36 Greatest Support 40 | 40 40 16 16 Greatest Overweight (x) 2 | . 1 2 2 Average Overweight (x) 1 | . . 2 2 Largest Inventory Capacity 15 | 8 15 15 15 Average Capacity 14 | 8 14 15 15 Most Carried 15 | 6 12 13 15 Average Carried 9 | 5 7 11 13 Final Capacity 15 | 8 15 15 15 Final Carried 13 | 3 12 13 13 Class Distribution -------------------- 100% | Mutant Dominant Class ---------------- Mutant | -10/Materials Mutant | -10/Mines Mutant | -10/Subcaves Resources | -11 -10 -10 -10 ----------- Run | Yrd Mat Min Sub Matter Collected 370 | 220 116 34 . Remotely 34 | . 34 . . Salvage Created 920 | 101 619 200 . Parts 68 | 3 56 9 . Haulers Intercepted 1 | . 1 . . Recyclers Shooed 1 | . 1 . . Parts Field Recycled . | . . . . Retrieved Matter . | . . . . Parts Self-Destructed . | . . . . Prevented . | . . . . Kills | -11 -10 -10 -10 ------- Run | Yrd Mat Min Sub Combat Hostiles Destroyed 18 | . 13 5 . Guns 9 | . 5 4 . Cannons 3 | . 3 . . AOE 6 | . 5 1 . Classes Destroyed 10 | 2 7 1 . Worker 3 | . 3 . . Builder 2 | . 2 . . Tunneler 2 | 1 1 . . Hauler 1 | . 1 . . Recycler 1 | 1 . . . Operator 1 | . 1 . . Watcher 3 | . 3 . . Swarmer 6 | . 6 . . Grunt 11 | . 7 4 . Demolisher 1 | . . 1 . Best Kill Streak 9 | 2 9 2 . Combat Bots Only 5 | . 5 2 . Max Kills in Single Turn 3 | 1 3 1 . Gunslinging . | . . . . Exploded 2 | . 2 1 . Melee . | . . . . Uniques/NPCs Destroyed . | . . . . Combat | -11 -10 -10 -10 -------- Run | Yrd Mat Min Sub Hostile Shots Fired 128 | . 71 17 40 Missed 31 | . 15 4 12 Damage Taken 1476 | . 646 208 622 Core 257 | . 112 61 84 Absorbed by Shields . | . . . . Core Remaining (%) 100 | 100 . . . Volleys Fired 87 | 6 57 11 13 Largest 2 | 2 2 2 2 Hottest 100 | 80 100 90 90 Shots Fired 159 | 12 107 22 18 Gun 129 | 12 77 22 18 Cannon 27 | . 27 . . Launcher 3 | . 3 . . Special . | . . . . Kinetic . | . . . . Thermal 60 | . 60 . . Explosive 3 | . 3 . . Electromagnetic 96 | 12 44 22 18 Robot Hit Streak 28 | 4 10 9 28 Robot Miss Streak 3 | 3 3 3 1 Penetration Max . | . . . . Secondary Targets 2 | . 1 1 . Max Gunslinging Chain 1 | . 1 1 . Shots Hit Robots 108 | 7 65 18 18 Core Hits 54 | 3 35 12 4 Critical Kills . | . . . . Critical Parts Destroyed . | . . . . Critical Strikes . | . . . . Melee Attacks . | . . . . Impact . | . . . . Slashing . | . . . . Piercing . | . . . . Sneak Attacks . | . . . . Combat Hostiles . | . . . . Follow-up Attacks . | . . . . Damage Inflicted 1936 | 117 1358 333 128 Guns 1072 | 77 613 254 128 Cannons 250 | . 250 . . Explosions 597 | 40 493 64 . Melee . | . . . . Ramming 17 | . 2 15 . Kinetic . | . . . . Thermal 819 | 40 715 64 . Explosive 311 | . 311 . . Electromagnetic 789 | 77 330 254 128 Impact . | . . . . Slashing . | . . . . Piercing . | . . . . Highest Corruption . | . . . . Average Corruption . | . . . . Corruption Purged . | . . . . Corruption Blocked . | . . . . Overload Shots . | . . . . Overflow Damage 13 | . 13 . . Projectiles 12 | . 12 . . Explosions 1 | . 1 . . Melee . | . . . . Knockbacks . | . . . . Impact . | . . . . Kinetic . | . . . . Secondary . | . . . . Self-Inflicted Damage 77 | . 70 7 . Shots 3 | . 3 . . Rammed 2 | . 1 1 . Targets Rammed 2 | . 1 1 . Kicked . | . . . . Crushed . | . . . . Highest Temperature 363 | 92 268 363 272 Average Temperature 92 | 53 79 137 142 Received Heat Transfer 750 | . 243 108 399 Effects 2 | . . 2 . Shutdowns 1 | . . 1 . Energy Bleed 1 | . . 1 . Siege Activations . | . . . . Robots Corrupted . | . . . . Combat Hostiles . | . . . . Parts Fried 1 | . 1 . . Impact Corruptions . | . . . . Robots Melted . | . . . . Combat Hostiles . | . . . . Parts Melted . | . . . . Heat Transferred 1493 | 50 1343 100 . Parts Sabotaged . | . . . . Parts Stolen . | . . . . Parts Stripped . | . . . . Power Chain Reactions 5 | 1 3 1 . Alert | -11 -10 -10 -10 ------- Run | Yrd Mat Min Sub Peak Influence 323 | 10 323 170 . Initial 75 | . 6 75 . Average 139 | 7 175 92 . Maximum Alert Level 1 | . 1 . . Low Security (%) 84 | 100 73 100 . Level 1 15 | . 26 . . Level 2 . | . . . . Level 3 . | . . . . Level 4 . | . . . . Level 5 . | . . . . High Security . | . . . . Max Security . | . . . . Squads Dispatched 3 | . 3 . . Investigation 2 | . 2 . . Extermination . | . . . . Reinforcement 1 | . 1 . . Assault . | . . . . Garrison . | . . . . Intercept . | . . . . Searches Triggered . | . . . . Construction Impeded . | . . . . Haulers Reinforced . | . . . . Active Scanning Responses . | . . . . Cargo Convoy Interrupts . | . . . . Stealth | -11 -10 -10 -10 --------- Run | Yrd Mat Min Sub Distress Signals 2 | . 2 . . Communications Jammed . | . . . . Distress Signals . | . . . . Times Spotted 28 | . 19 5 4 Peak Tracking Total 4 | . 4 2 4 Tactical Retreats 2 | . 2 . . Traps | -11 -10 -10 -10 ------- Run | Yrd Mat Min Sub Traps Triggered 1 | . 1 . . Indirectly . | . . . . Trap Hack Attempts . | . . . . Triggered . | . . . . Disarmed . | . . . . Reprogrammed . | . . . . Reused . | . . . . Traps Extracted . | . . . . Installed . | . . . . Triggered . | . . . . Machines | -11 -10 -10 -10 ---------- Run | Yrd Mat Min Sub Machines Disabled 3 | . 3 . . Max in Single Turn 1 | . 1 . . Machines Repaired . | . . . . Machines Dismantled . | . . . . Machines Sabotaged . | . . . . Overloaded Fab Kills . | . . . . Hacking | -11 -10 -10 -10 --------- Run | Yrd Mat Min Sub Machines Accessed 7 | . 7 . . Terminals 6 | . 6 . . Fabricators . | . . . . Repair Stations . | . . . . Recycling Units 1 | . 1 . . Scanalyzers . | . . . . Garrison Access . | . . . . Total Hacks 24 | . 24 . . Successful 15 | . 15 . . Failed 9 | . 9 . . Catastrophic . | . . . . Database Lockouts . | . . . . Manual 21 | . 21 . . Terminals 20 | . 20 . . Fabricators . | . . . . Repair Stations . | . . . . Recycling Units 4 | . 4 . . Scanalyzers . | . . . . Garrison Access . | . . . . Terminal Hacks 4 | . 4 . . Robot Analysis 4 | . 4 . . Fabricator Hacks . | . . . . Repair Station Hacks . | . . . . Recycling Unit Hacks 1 | . 1 . . Retrieve Components 1 | . 1 . . Scanalyzer . | . . . . Garrison Access Hacks . | . . . . Unauthorized Hacks 10 | . 10 . . Terminals 9 | . 9 . . Assimilate 3 | . 3 . . Botnet 4 | . 4 . . Operators 1 | . 1 . . Skim 1 | . 1 . . Fabricators . | . . . . Repair Stations . | . . . . Recycling Units 1 | . 1 . . Tunnel 1 | . 1 . . Scanalyzers . | . . . . Garrison Access . | . . . . Data Cores Recovered . | . . . . Used . | . . . . Hacking Detections 7 | . 7 . . Full Trace Events . | . . . . Feedback Events . | . . . . Feedback Blocked . | . . . . Robot Schematics Acquired . | . . . . Robots Built . | . . . . Authchips . | . . . . Time . | . . . . Total Robot Build Rating . | . . . . Part Schematics Acquired . | . . . . Parts Built . | . . . . Authchips . | . . . . Time . | . . . . Total Part Build Rating . | . . . . Parts Repaired . | . . . . Time . | . . . . Parts Recycled . | . . . . Recycled Matter . | . . . . Retrieved Matter . | . . . . Retrieved Components . | . . . . Parts Scanalyzed . | . . . . Part Schematics Acquired . | . . . . Parts Damaged . | . . . . Bothacking | -11 -10 -10 -10 ------------ Run | Yrd Mat Min Sub Used RIF Installer . | . . . . Robots Hacked . | . . . . Non-combat . | . . . . Combat . | . . . . Robot Hacks Applied . | . . . . Relay Couplers Released . | . . . . Fabnet Peak Effective % . | . . . . Robots Rewired . | . . . . Allies Hacked . | . . . . Hacks Repelled . | . . . . Allies | -11 -10 -10 -10 -------- Run | Yrd Mat Min Sub Total Allies 3 | . . 3 . Largest Group 3 | . . 3 3 Highest-Rated Group 40 | . . 40 40 Highest-Rated Ally 16 | . . 16 16 Total Orders . | . . . . Ally Attacks 6 | . . . 6 Total Damage . | . . . . Kills . | . . . . Allies Corrupted . | . . . . Allies Melted . | . . . . Intel | -11 -10 -10 -10 ------- Run | Yrd Mat Min Sub Robot Analysis Total 3 | . 3 . . Derelict Logs Recovered 1 | . . 1 . Drone Launches . | . . . . Drone Recoveries . | . . . . Exploration | -11 -10 -10 -10 ------------- Run | Yrd Mat Min Sub Turns Passed 2106 | 34 1146 776 150 Spaces Moved 1102 | 10 474 530 88 Core . | . . . . Treads 477 | 3 474 . . Legs 7 | 7 . . . Wheels 618 | . . 530 88 Hover . | . . . . Flight . | . . . . Fastest Speed 120 | 120 160 130 130 Average Speed 157 | 132 193 130 130 Slowest Speed 240 | 160 240 130 130 Overloaded Moves . | . . . . Propulsion Burnouts . | . . . . Robots Hopped . | . . . . Cave-ins Triggered . | . . . . Exploration Rate (%) 44 | 2 76 91 7 Regions Visited 3 Branch Regions 2 Pre-discovered Areas 1 | . 1 . . Known Exits Taken . | . . . . Unknown Exits Taken 3 | 1 1 1 . Scrap Searched 4 | . . 1 3 Spaces Dug . | . . . . Terrain Destroyed 42 | . 37 5 . Melee . | . . . . Projectile . | . . . . AOE 42 | . 37 5 . Terrain Rammed . | . . . . Walls Destroyed . | . . . . Machines Disabled . | . . . . Actions | -11 -10 -10 -10 --------- Run | Yrd Mat Min Sub Total 1315 | 20 595 594 106 Wait 86 | . 37 49 . Move 1099 | 9 473 529 88 Hop . | . . . . Pick Up 16 | . 12 2 2 Fast Attach 5 | . 4 1 . Attach 8 | 2 3 1 2 Detach 1 | . 1 . . Swap 5 | . 4 . 1 Drop 6 | 3 3 . . Fire 87 | 6 57 11 13 Melee . | . . . . Ram 1 | . . 1 . Kick . | . . . . Crush 1 | . 1 . . Escape Stasis . | . . . . Rewire . | . . . . Trap . | . . . . Miscellaneous . | . . . . Route ------- -11/Scrapyard -10/Materials (discovered 4 exits: [*Mat x2] / [*Min x2]) -10/Mines (discovered 2 exits: [*Mat] / [*Sub]) -10/Subcaves (discovered 1 exit: [*Mat]) History --------- Turn | Location | Event 20 | -11/Scrapyard | Discovered new exit (range 2) 35 | -11/Scrapyard | Entered Materials 193 | -10/Materials | Discovered new exit (range 18) 304 | -10/Materials | Build established: Mutant 658 | -10/Materials | Discovered new exit (range 18) 939 | -10/Materials | Discovered new exit (range 14) 1113 | -10/Materials | Discovered new exit (range 13) 1181 | -10/Materials | Entered Mines 1203 | -10/Mines | Assembled infested the area 1208 | -10/Mines | Assisted by a Guerilla fighting off Assembled 1275 | -10/Mines | Core integrity fell below 50% 1394 | -10/Mines | Discovered new exit (range 11) 1514 | -10/Mines | Received a Rocket Launcher from a helpful Derelict 1666 | -10/Mines | Assisted by bots powering up and referring to "LRC-V3" 1916 | -10/Mines | Discovered new exit (range 5) 1957 | -10/Mines | Entered Subcaves 1957 | -10/Subcaves | Accompanied by 3 allies 2069 | -10/Subcaves | Discovered new exit (range 12) 2090 | -10/Subcaves | Core integrity fell below 20% 2107 | -10/Subcaves | Destroyed by M6-2TE(R) with Subdweller Laser Last Messages --------------- 02013_ Searching scrap... 02013_ Found Sub. Machine Gun. 02013_ Found Multitool. 02013_ Found 35 Matter. 02016_ Acquired Multitool. 02067_ Mercenary 1a destroyed. 02069_ EXIT=FOUND 02075_ Trooper 1b destroyed. 02079_ EM Shotgun destroyed. 02079_ Trooper 1a destroyed. 02087_ EM Shotgun destroyed. 02087_ Critical hit (Meltdown: +270). 02089_ Com. Wheel destroyed. 02091_ Q5-APQ(R) misfires. 02093_ Q5-APQ(R) destroyed. 02097_ EM Shotgun destroyed. 02099_ Subatomizers dissect the Disposable Heat Sink. 02099_ Ion Engine destroyed. 02105_ Hrd. Light Armor Plating destroyed. 02107_ Aluminum Leg destroyed. Map ----- +----------------------------------------------------+ | ?????????????????????????????????????????????????? | | ?????????????????????????????????????????????????? | | ?????????????????????????????????????????????????? | | ?????????????????????????????????????????????????? | | ?????????????????????????????????????????????????? | | ?????????????????????????????????????????????????? | | ?????????????????????????????????????????????????? | | ?????????????????????????????????????????????????? | | ???????????????????????? ????????????????????????? | | ???????????????????????? ????????????????????????? | | ??????????????????????? ????????????????????????? | | ??????????????????????? ????????????????????????? | | ?????????????????#?????